 Dungeon Crawl Stone Soup version 0.23.2-33-g5129a83184 (webtiles) character file.

Game seed: 14693233173688328652

284 Derp the Slasher (level 6, 0/46 HPs)
             Began as a Demonspawn Gladiator on July 23, 2019.
             Slain by a killer bee (5 damage)
             ... on level 7 of the Dungeon.
             The game lasted 00:04:45 (2217 turns).

Derp the Slasher (Demonspawn Gladiator)             Turns: 2217, Time: 00:04:45

Health: 0/46       AC:  9    Str: 16    XL:     6   Next: 7%
Magic:  6/6        EV:  5    Int:  9    God:
Gold:   164        SH:  7    Dex: 15    Spells: 5/5 levels left

rFire    . . .     SeeInvis .   a - +0 long sword
rCold    . . .     Gourm    .   s - +0 shield
rNeg     . . .     Faith    .   e - +0 chain mail
rPois    .         Spirit   .   c - +0 helmet
rElec    .         Reflect  .   (no cloak)
rCorr    .         Harm     .   (no gloves)
MR       .....                  (no boots)
Stlth    ..........             (no amulet)
HPRegen  0.15/turn              (no ring)
MPRegen  0.10/turn              (no ring)

@: lethally poisoned (0 -> -16), lightly drained
A: talons 1, powered by pain 1, spiny 1
a: no special abilities


You were on level 7 of the Dungeon.
You were hungry.

You visited 1 branch of the dungeon, and saw 5 of its levels.

You collected 164 gold pieces.

Inventory:

Hand Weapons
 a - a +0 long sword (weapon)
Missiles
 d - 3 throwing nets (quivered)
Armour
 c - a +0 helmet (worn)
 e - a +0 chain mail (worn)
 s - a +0 shield (worn)
 t - a +2 leather armour of cold resistance
Wands
 u - a wand of paralysis (9)
Scrolls
 b - 2 scrolls of teleportation
 g - 2 scrolls of enchant weapon {unknown}
 i - 2 scrolls of magic mapping {unknown}
 j - a scroll of random uselessness {unknown}
 l - 3 scrolls of amnesia
 m - a scroll of remove curse
 n - a scroll of identify
 r - a scroll of fear {unknown}
 w - a scroll of noise {unknown}
Potions
 h - 2 potions of might {unknown}
 k - a potion of mutation {unknown}
 o - a potion of magic {unknown}
 p - 3 potions of curing {unknown}
 q - a potion of brilliance {unknown}
 v - a potion of haste {unknown}
Comestibles
 f - 6 rations


   Skills:
 + Level 2.7(2.6) Fighting
 + Level 4.6(4.5) Long Blades
 + Level 1.8(1.7) Throwing
 + Level 1.4(1.3) Armour
 + Level 4.1 Dodging
 + Level 0.2 Shields


You had 5 spell levels left.
You didn't know any spells.
Your spell library was empty.

Dungeon Overview and Level Annotations

Branches:
Dungeon (4/15)
 Temple: D:4-7

Altars:
Makhleb
Uskayaw
Xom
Yredelemnul


Innate Abilities, Weirdness & Mutations

You have sharp toenails.
You sometimes gain a little power by taking damage.
You are partially covered in sharp spines.


Message History

Okay, then.
As you read the scroll labeled JIJADD HERRIL, it crumbles to dust.
It is a scroll of identify.
b - 2 scrolls of teleportation You feel sick.
You block the killer bee's attack.
The killer bee is struck by your spines.
The killer bee stings you.
The killer bee is struck by your spines.
The killer bee stings you.
* * * LOW HITPOINT WARNING * * *
The killer bee stings you.
* * * LOW HITPOINT WARNING * * *
You block the killer bee's attack. The killer bee barely misses you.
The killer bee stings you but does no damage.
You block the killer bee's attack.
The killer bee is struck by your spines.
The killer bee stings you.
* * * LOW HITPOINT WARNING * * *
The killer bee stings you.
You die...

##### .y.
...####y#
..zz.zy@#
..zz.#yyy......
... ##Z#####..
. #.# #.# #.#
... #.#


You could see 6 killer bees, 5 wights and an adder zombie.

Vanquished Creatures
  An orc priest (D:3)
  Jessica (D:2)
  4 orc wizards (D:3)
  2 dart slugs
  2 leopard geckos
  23 orcs (D:3)
  4 bats
  3 giant cockroaches
  6 goblins
  4 hobgoblins
  3 jackals (D:3)
  A kobold (D:1)
  2 quokkas
  2 ball pythons
  7 frilled lizards
  A leopard gecko skeleton (D:4)
  15 rats
81 creatures vanquished.

Vanquished Creatures (others)
  An orc wizard (D:3)
1 creature vanquished.

Grand Total: 82 creatures vanquished

Notes
Turn   | Place    | Note
-------+----------+-------------------------------------------
     0 | D:1      | Derp the Demonspawn Gladiator began the quest for the Orb.
     0 | D:1      | Reached XP level 1. HP: 16/16 MP: 1/1
   135 | D:1      | Gained mutation: You have sharp toenails. [demonic
                  | ancestry]
   135 | D:1      | Reached XP level 2. HP: 18/22 MP: 2/2
   643 | D:2      | Gained mutation: You are partially covered in sharp spines.
                  | [demonic ancestry]
   643 | D:2      | Reached XP level 3. HP: 27/27 MP: 3/3
   715 | D:2      | Noticed Jessica
   721 | D:2      | Killed Jessica
  1222 | D:2      | Found a burning altar of Makhleb.
  1233 | D:2      | Found a basalt altar of Yredelemnul.
  1446 | D:3      | Reached XP level 4. HP: 26/33 MP: 4/4
  1477 | D:3      | Found a hide-covered altar of Uskayaw.
  1492 | D:3      | Gained mutation: You sometimes gain a little power by
                  | taking damage. [demonic ancestry]
  1492 | D:3      | Reached XP level 5. HP: 37/39 MP: 5/5
  1562 | D:3      | Found a shimmering altar of Xom.
  1595 | D:3      | Reached skill level 1 in Armour
  1742 | D:3      | Reached XP level 6. HP: 41/46 MP: 6/6
  2214 | D:4      | You fall through a shaft for 3 floors!
  2217 | D:7      | Slain by a killer bee

Skill      XL: |  1  2  3  4  5 |
---------------+----------------+-----
Dodging        | 3 4 |  4.1
Long Blades    | 3 4 |  4.6
Armour         | 1 |  1.4
Fighting       | |  2.7
Throwing       | |  1.8
Shields        | |  0.2

Action                   |  1- 3 |  4- 6 || total
-------------------------+-------+-------++-------
Melee: Long sword        |    77 |    88 ||   165
       Kick              |    11 |    32 ||    43
  Use: Scroll            |       |     3 ||     3
  Eat: Ration            |     1 |       ||     1
Armor: Chain mail        |    63 |    53 ||   116
Dodge: Dodged            |    27 |    12 ||    39
Block: Shield            |       |    28 ||    28
       Rpst.: Long sword |     9 |     1 ||    10
